 Dungeon Crawl Stone Soup version 0.31.0-11-ge490571c62 (webtiles) character file.

Game seed: 6781603583153186638

123 Mamutox the Sneak (level 4, -5/22 HPs)
             Began as a Spriggan Enchanter on Jan 25, 2024.
             Slain by an ice beast (11 damage)
             ... on level 6 of the Dungeon on Jan 30, 2024.
             The game lasted 00:10:57 (3001 turns).

Mamutox the Sneak (Spriggan Enchanter)              Turns: 3001, Time: 00:10:58

Health: -5/22      AC:  2    Str:  4    XL:     4   Next: 79%
Magic:  10/10      EV: 18    Int: 18    God:
Gold:   130        SH:  0    Dex: 15    Spells: 8/10 levels left

rFire   . . .        a - +1 dagger
rCold   . . .        (no shield)
rNeg    . . .        b - +0 robe
rPois   .            (helmet restricted)
rElec   .            (no cloak)
rCorr   .            (gloves unavailable)
SInv    +            (boots unavailable)
Will    .....        (no amulet)
Stlth   +++          (no ring)
HPRegen 0.23/turn    (no ring)
MPRegen 0.12/turn

%: no passive effects
@: very quick
A: very small, no large weapons, unfitting armour, see invisible, speed 3
a: no special abilities


You were on level 6 of the Dungeon.
You visited 1 branch of the dungeon, and saw 4 of its levels.

You collected 130 gold pieces.

Inventory:

Hand Weapons
 a - a +1 dagger (weapon)
Missiles
 j - 24 stones (quivered)
 r - 6 poisoned darts
Armour
 b - a +0 robe (worn)
 p - the scarf "Dofrust" {harm, Rampage rElec Will+++ Dex-2}
   (You found it on level 3 of the Dungeon)

   Dex-2:     It affects your dexterity (-2).
   rElec:     It insulates you from electricity.
   Will+++:   It greatly increases your willpower.
   Rampage:   It bestows one free step when moving towards enemies.
Scrolls
 e - a scroll of brand weapon {unknown}
 f - a scroll of fear {unknown}
 g - a scroll of revelation {unknown}
 h - 2 scrolls of enchant armour {unknown}
 i - a scroll of teleportation {unknown}
 k - 3 scrolls of fog {unknown}
 m - 2 scrolls of identify {unknown}
 n - a scroll of noise {unknown}
 q - a scroll of amnesia {unknown}
Potions
 c - 2 potions of invisibility
 d - 2 potions of might {unknown}
 l - a potion of degeneration {unknown}
 o - a potion of lignification {unknown}
 s - a potion of curing {unknown}


   Skills:
 + Level 1.2 Fighting
 + Level 2.2 Short Blades
 + Level 3.6 Dodging
 + Level 5.3 Stealth
 + Level 3.5 Spellcasting
 + Level 4.3 Hexes


You had 8 spell levels left.
You knew the following spells:

 Your Spells              Type           Power      Damage    Failure   Level
a - Ensorcelled Hibernat  Hex/Ice        20%        N/A       10%         2

Your spell library contained the following spells:

 Spells                   Type           Power      Damage    Failure   Level
 Confusing Touch          Hex            18%        N/A       8%          3
 Tukima's Dance           Hex            18%        N/A       8%          3
 Apportation              Tloc           6%         N/A       16%         1
 Freeze                   Ice            12%        1d3       16%         1
 Magic Dart               Conj           12%        1d3       16%         1
 Necrotise                Necr           12%        1d4       16%         1
 Sting                    Conj/Alch      12%        1d3       16%         1
 Summon Small Mammal      Summ           12%        N/A       16%         1
 Dazzling Flash           Conj/Hex       20%        N/A       19%         3
 Searing Ray              Conj           6%         2d4       24%         2
 Frozen Ramparts          Ice            6%         1d1       43%         3
 Hailstorm                Conj/Ice       3%         3d5       43%         3
 Fulminant Prism          Conj/Alch      1%         3d5       83%         4


Dungeon Overview and Level Annotations

Branches:
Dungeon (3/15)

Altars:
Yredelemnul

Shops:
D:1 [   D:2 *


Innate Abilities, Weirdness & Mutations

You are very small and have problems with some larger weapons.
You are too small for most types of armour.
You have supernaturally acute eyesight. (SInv)
You cover ground extremely quickly. (Speed+++)


Message History

j - 18 stones (gained 6)
You now have 116 gold pieces (gained 12).
A hobgoblin comes into view.
A malevolent force fills the Dungeon...
You fall into a shaft and drop 3 floors!
The shaft crumbles and collapses.
Found 14 gold pieces.
Found a stone staircase leading down.
An adder comes into view.
The helpless adder fails to defend itself.
You impale the adder!!
You kill the adder!
You now have 130 gold pieces (gained 14).
An orc comes into view. It is wielding a +0 dagger.
Found a book of Cantrips.
You pick up a book of Cantrips and begin reading...
You add the spells Sting, Necrotise, Summon Small Mammal and Apportation to your library.
Found 14 gold pieces.
Found 6 stones.
j - 24 stones (gained 6)
Found a kite shield.
You see here a +0 kite shield.
Welcome back, Mamutox the Spriggan Enchanter.
Press ? for a list of commands and other information.
Found a stone staircase leading up.
Found 3 datura-tipped darts.
You open the door.
A troll, an ice beast and a white imp come into view.
Found 13 stones and 16 gold pieces.
Found 7 gold pieces.
There is an open door here.
The troll shouts!
The white imp shouts!
The ice beast hits you. The ice beast freezes you!
Ouch! That really hurt!
The white imp misses you. The white imp barely misses you.
The ice beast hits you.
* * * LOW HITPOINT WARNING * * *
The ice beast freezes you!
Ouch! That really hurt!
You die...

#.##.## ##.# #..#
#.## #.##.#
#.####..#####...
##....#
#..............#
#..####
#....#.########.#
#.## #####...# #.#
#.# #+$..##(.# #[#
#.# #..T..#..# #.#
#.## ###.Y...#..#
#..
#..####.'@5(.(#..#
###
##......##...##..#
#######.##### #..
###


You could see a troll, an ice beast and a white imp.

Vanquished Creatures
  An iguana (D:3)
  5 adders
  2 dart slugs (D:2)
  A ribbon worm (D:3)
  5 orcs (D:3)
  3 endoplasms
  2 giant cockroaches
  2 goblins (D:1)
  3 hobgoblins (D:1)
  3 jackals (D:1)
  A quokka (D:3)
  7 ball pythons
  4 bats
  A frilled lizard (D:3)
  3 kobolds
  2 rats
45 creatures vanquished.

Notes
Turn   | Place    | Note
-------+----------+-------------------------------------------
     0 | D:1      | Mamutox the Spriggan Enchanter began the quest for the Orb.
     0 | D:1      | Reached XP level 1. HP: 9/9 MP: 5/5
   291 | D:1      | Reached XP level 2. HP: 13/13 MP: 6/6
   360 | D:1      | Learned a level 2 spell: Ensorcelled Hibernation
   986 | D:1      | Found Zatoicud's Armour Emporium.
  1165 | D:2      | Found Fariroaj's Assorted Antiques.
  1237 | D:2      | Reached XP level 3. HP: 17/17 MP: 3/8
  1979 | D:3      | Reached skill level 5 in Stealth
  1979 | D:3      | Reached XP level 4. HP: 9/21 MP: 3/9
  2081 | D:3      | Reached skill level 1 in Fighting
  2086 | D:3      | Found a basalt altar of Yredelemnul.
  2173 | D:3      | Identified the scarf "Dofrust" {harm, Rampage rElec Will+++
                  | Dex-2}
  2859 | D:3      | You fall into a shaft and drop 3 floors!
  2959 | D:6      | Upgraded the game from 0.31.0-10-gcf4a605ca0 to
                  | 0.31.0-11-ge490571c62
  2998 | D:6      | Noticed a troll
  2998 | D:6      | Noticed an ice beast
  3001 | D:6      | Slain by an ice beast

Illustrated notes

Levels and vault maps discovered:
D:1:      psy_arrival_whirlpool, layout_basic, serial_shops,
          nicolae_shop_real_fake_doors, minivault_27, solitary_fountain,
          minmay_misc_feat_chi, st_stairs_4
D:2:      layout_basic, serial_shops, shop, hangedman_abyss_or_decor_stabs,
          minmay_misc_feat_square
D:3:      layout_loops_ring, lemuel_doored_altar, item_on_display_a
D:6:      layout_loops_cross, dancing_weapons_uskayaw, serial_bayou_pond_a,
          minmay_joined_circles

Skill      XL: |  1  2  3  4 |
---------------+-------------+-----
Dodging        | 3 |  3.6
Spellcasting   | 3 |  3.5
Hexes          | 4 |  4.3
Short Blades   | 2 |  2.2
Stealth        | 5 |  5.3
Fighting       | 1 |  1.2

Action                     |  1- 3 |  4- 6 || total
---------------------------+-------+-------++-------
  Melee: Dagger            |    88 |    31 ||   119
   Cast: Ensorcelled Hiber |    13 |    16 ||    29
   Stab: Sleeping          |    17 |     9 ||    26
         Distracted        |     1 |       ||     1
 Armour: Robe              |    19 |    13 ||    32
  Dodge: Dodged            |    57 |    27 ||    84
